 Dungeon Crawl Stone Soup version 0.22.1-2-g9c5b331 (webtiles) character file.

14280 whitewolfNL the Basher (level 11, -3/99 HPs)
             Began as a Minotaur Berserker on Dec 18, 2018.
             Was a High Priest of Trog.
             Engulfed by a cloud of freezing vapour (24 damage)
             ... in an ice cave.
             The game lasted 00:56:34 (13431 turns).

whitewolfNL the Basher (Minotaur Berserker)        Turns: 13431, Time: 00:56:34

Health: -3/99      AC: 17    Str: 28    XL:     11   Next: 86%
Magic:  13/13      EV: 10    Int:  5    God:    Trog [*****.]
Gold:   497        SH: 14    Dex: 12    Spells: 10/10 levels left

rFire    . . .     SeeInvis .   W - +8 whip "Snakebite" {curare, rPois}
rCold    . . .     Gourm    .   e - +0 shield
rNeg     + . .     Faith    .   R - +0 plate armour
rPois    +         Spirit   .   (helmet restricted)
rElec    .         Reflect  +   t - +0 cloak {MR+}
rCorr    .         Harm     .   V - +0 pair of gloves of the Princess {rPois Str+6}
MR       +....                  (no boots)
Stlth    ..........             F - +2 amulet of reflection
HPRegen  0.26/turn              N - ring of positive energy
MPRegen  0.13/turn              X - +5 ring of slaying

@: no status effects
A: retaliatory headbutt, horns 2
a: Berserk, Trog's Hand, Brothers in Arms, Renounce Religion


You were in an ice cave.
You worshipped Trog.
Trog was extremely pleased with you.
You were not hungry.

You visited 2 branches of the dungeon, and saw 12 of its levels.
You also visited: Ice Cave.

You collected 719 gold pieces.
You spent 222 gold pieces at shops.

Inventory:

Hand Weapons
 s - a +3 quarterstaff of chaos
 G - a +0 morningstar of protection
 J - a +0 blowgun
 L - a +0 shortbow
 S - the +2 dagger of Valour {protect, rF++}
   (You found it in an ice cave)

   It protects the one who uses it against injury (+AC on strike).
   It greatly protects you from fire.
 T - a +2 falchion of flaming
 W - the +8 whip "Snakebite" (weapon) {curare, rPois}
   (You found it on level 1 of the Lair of Beasts)

   It poisons the flesh of those it strikes.
   It protects you from poison.
Missiles
 a - 169 arrows
 d - 43 poisoned needles
 n - 128 sling bullets
 p - 86 bolts
Armour
 e - a +0 shield (worn)
 q - a +2 cloak
 t - a +0 cloak of magic resistance (worn)
 R - a +0 plate armour (worn)
 V - the +0 pair of gloves of the Princess (worn) {rPois Str+6}
   (You found it on level 1 of the Lair of Beasts)

   It affects your strength (+6).
   It protects you from poison.
Jewellery
 g - a +4 ring of intelligence
 m - an uncursed ring of fire
 F - a +2 amulet of reflection (around neck)
 N - a ring of positive energy (left hand)
 X - a +5 ring of slaying (right hand)
Wands
 h - a wand of flame (8)
 A - a wand of acid (16)
 B - a wand of paralysis (13)
 M - a wand of clouds (5)
 O - a wand of disintegration (12)
Scrolls
 b - 8 scrolls of fear
 i - 3 scrolls of teleportation
 j - 5 scrolls of remove curse
 o - a scroll of enchant weapon
 u - a scroll of blinking
 x - a scroll of vulnerability
 y - 2 scrolls of immolation
 H - 2 scrolls of enchant armour {unknown}
 U - a scroll of magic mapping {unknown}
Potions
 f - 3 potions of haste
 k - a potion of mutation
 l - 2 potions of resistance
 r - a potion of cancellation {unknown}
 v - a potion of magic {unknown}
 w - 3 potions of agility
 z - 2 potions of might {unknown}
 D - 3 potions of curing
 E - a potion of ambrosia {unknown}
 I - 2 potions of heal wounds {unknown}
 K - 2 potions of degeneration {unknown}
 Q - 2 potions of lignification {unknown}
Comestibles
 c - 15 rations


   Skills:
 * Level 9.7 Fighting
 * Level 12.5 Maces & Flails
 * Level 10.7 Armour
 * Level 7.1 Dodging
 * Level 9.9 Shields
 * Level 4.7 Evocations


You had 10 spell levels left.
You didn't know any spells.
Your spell library was empty.

Dungeon Overview and Level Annotations

Branches:
Dungeon (10/15)            Temple (0/1) D:5            Lair (2/6) D:9
  Swamp: Lair:2-4    Shoals: Lair:2-4     Snake: Lair:2-4    Spider: Lair:2-4
    Orc: D:9-12

Altars:
Ashenzari
Elyvilon
Gozag
Nemelex Xobeh
Trog

Shops:
D:4 *   D:5 *   D:6 *   D:10 (


Innate Abilities, Weirdness & Mutations

You reflexively headbutt those who attack you in melee.
You have a pair of horns on your head.


Message History

You headbutt the ice statue, but do no damage.
The ice statue is almost destroyed.
You are engulfed in freezing vapours.
You whack the ice statue!
The ice statue is almost destroyed.
You are engulfed in freezing vapours.
You hit the ice statue. You headbutt the ice statue.
The ice statue is almost destroyed.
You are engulfed in freezing vapours.
The ice statue glitters chillingly in the dim dungeon light.
The ice statue gestures at you. The shard of ice hits you!
* * * LOW HITPOINT WARNING * * *
You hit the ice statue.
You destroy the ice statue!
Trog accepts your kill.
You are engulfed in freezing vapours.
* * * LOW HITPOINT WARNING * * *
You are engulfed in freezing vapours.
You die...

#...............#
#...............#
#.......⌠.......#
#...............#
#...............#
##........§....##
#.......§§§§..#
##.......§§§.##
##.#....§#@##
####...####
#...## ##...#
##...# #...##
##...## ##.....##
#...∩...#


There were no monsters in sight!

Vanquished Creatures
  Harold (D:8)
  A necromancer (IceCv)
  3 ice statues (IceCv)
  2 black mambas (Lair:1)
  A gargoyle (D:9)
  3 spiny frogs
  3 komodo dragons
  6 ice devils (IceCv)
  2 trolls
  A hippogriff (D:8)
  3 yaks (Lair:2)
  2 hungry ghosts
  10 water moccasins
  Duvessa (D:5)
  2 porcupines
  An orc warrior (D:9)
  2 ice beasts
  A black bear (D:10)
  5 phantoms
  A hornet zombie (D:10)
  3 ogres
  2 sky beasts (D:6)
  4 centaurs
  A crocodile (Lair:2)
  2 big kobolds
  8 bullfrogs
  Blork the orc (D:5)
  A gnoll sergeant (D:7)
  Dowan (D:5)
  9 killer bees
  A scorpion (D:8)
  7 jellies
  A water moccasin skeleton (D:7)
  3 wights (D:9)
  3 howler monkeys
  5 crimson imps
  4 draconian simulacra (IceCv)
  A quasit (D:6)
  4 orc priests
  5 hounds
  2 centaur skeletons
  2 bullfrog skeletons (D:4)
  Crazy Yiuf (D:2)
  Jessica (D:2)
  Terence (D:2)
  An iguana (D:6)
  10 orc wizards
  7 worker ants
  A spriggan simulacrum (IceCv)
  A troll simulacrum (IceCv)
  Ijyb (D:5)
  2 centaur simulacra (IceCv)
  A hound skeleton (D:7)
  8 gnolls
  2 naga simulacra (IceCv)
  16 adders
  A shadow imp (D:7)
  An adder zombie (D:6)
  An adder skeleton (D:8)
  2 worms
  4 leopard geckos
  24 orcs
  6 bats
  8 giant cockroaches
  3 goblins (D:2)
  8 hobgoblins
  9 jackals
  17 kobolds
  6 quokkas
  2 frilled lizards
  A jackal zombie (D:6)
  4 rats
271 creatures vanquished.

Vanquished Creatures (others)
  A troll (D:9)
  A centaur (D:9)
  4 fungi
  4 plants
10 creatures vanquished.

Grand Total: 281 creatures vanquished

Notes
Turn   | Place    | Note
-------+----------+-------------------------------------------
     0 | D:1      | whitewolfNL the Minotaur Berserker began the quest for the
                  | Orb.
     0 | D:1      | Reached XP level 1. HP: 19/19 MP: 0/0
   242 | D:1      | Reached XP level 2. HP: 27/27 MP: 1/1
   691 | D:2      | Reached skill level 4 in Maces & Flails
   698 | D:2      | Noticed Terence
   710 | D:2      | Killed Terence
   710 | D:2      | Reached skill level 1 in Shields
   710 | D:2      | Reached XP level 3. HP: 33/33 MP: 2/2
  1053 | D:2      | Reached XP level 4. HP: 25/41 MP: 3/3
  1343 | D:2      | Noticed Jessica
  1345 | D:2      | Killed Jessica
  1730 | D:2      | Found a runed door.
  1736 | D:2      | Noticed Crazy Yiuf
  1739 | D:2      | Killed Crazy Yiuf
  1837 | D:3      | Reached XP level 5. HP: 47/47 MP: 4/4
  1865 | D:3      | Reached ** piety under Trog
  1865 | D:3      | Reached skill level 5 in Maces & Flails
  1935 | D:3      | Found a bloodstained altar of Trog.
  2869 | D:4      | Found Gozag's Platinum Reserve.
  2967 | D:4      | Found an opulent altar of Gozag.
  2997 | D:4      | Reached XP level 6. HP: 49/55 MP: 5/5
  3053 | D:4      | Found a shattered altar of Ashenzari.
  3338 | D:4      | Reached skill level 5 in Fighting
  3445 | D:4      | Reached skill level 6 in Maces & Flails
  3638 | D:4      | Reached XP level 7. HP: 56/61 MP: 6/6
  3863 | D:4      | Reached skill level 5 in Armour
  4021 | D:5      | Entered Level 5 of the Dungeon
  4094 | D:5      | Found a white marble altar of Elyvilon.
  4136 | D:5      | Noticed Dowan
  4137 | D:5      | Noticed Duvessa
  4141 | D:5      | Noticed Ijyb
  4149 | D:5      | Killed Duvessa
  4155 | D:5      | Killed Ijyb
  4166 | D:5      | Killed Dowan
  4166 | D:5      | Reached *** piety under Trog
  4185 | D:5      | Found Ubuocof's General Store.
  4196 | D:5      | Bought a potion of mutation for 96 gold pieces
  4196 | D:5      | Bought a scroll of identify for 24 gold pieces
  4196 | D:5      | Bought a potion of agility for 48 gold pieces
  4218 | D:5      | Found a staircase to the Ecumenical Temple.
  4383 | D:5      | Noticed Blork the orc
  4389 | D:5      | Reached skill level 7 in Maces & Flails
  4393 | D:5      | Reached skill level 5 in Shields
  4395 | D:5      | Killed Blork the orc
  4395 | D:5      | Reached XP level 8. HP: 57/69 MP: 7/7
  5142 | D:6      | Reached skill level 1 in Evocations
  5212 | D:6      | Reached skill level 8 in Maces & Flails
  5612 | D:6      | Found Vihikkuque's Assorted Antiques.
  5632 | D:6      | Bought a scroll of identify for 54 gold pieces
  5830 | D:6      | Found a sparkling altar of Nemelex Xobeh.
  6217 | D:7      | Reached XP level 9. HP: 77/77 MP: 9/9
  6272 | D:7      | Noticed a troll
  6286 | D:7      | Killed a troll
  6399 | D:7      | Reached skill level 9 in Maces & Flails
  6399 | D:7      | Reached skill level 5 in Dodging
  6500 | D:7      | Reached **** piety under Trog
  7173 | D:8      | Reached skill level 10 in Maces & Flails
  7259 | D:8      | Noticed Harold
  7289 | D:8      | Killed Harold
  7289 | D:8      | Reached XP level 10. HP: 45/88 MP: 11/11
  8359 | D:9      | Reached skill level 11 in Maces & Flails
  8461 | D:9      | Reached ***** piety under Trog
  8978 | D:9      | Noticed a gargoyle
  8984 | D:9      | Killed a gargoyle
  9053 | D:9      | Found a staircase to the Lair.
  9744 | D:10     | Entered Level 10 of the Dungeon
  9937 | D:10     | Found Zeoss's Antique Weapon Boutique.
 10012 | D:10     | HP: 4/90 [something (3)]
 10026 | D:10     | HP: 3/90 [something (3)]
 10518 | Lair:1   | Entered Level 1 of the Lair of Beasts
 10560 | Lair:1   | Noticed a spiny frog
 10568 | Lair:1   | Killed a spiny frog
 10962 | Lair:1   | Reached XP level 11. HP: 91/95 MP: 12/12
 10994 | Lair:1   | Got a pair of dazzling gloves
 11000 | Lair:1   | Identified the +0 pair of gloves of the Princess {rPois
                  | Str+6} (You found it on level 1 of the Lair of Beasts)
 11403 | Lair:1   | Reached skill level 10 in Armour
 11511 | Lair:1   | Found the +8 whip "Snakebite" {curare, rPois}
 11909 | Lair:2   | Reached skill level 12 in Maces & Flails
 12190 | Lair:2   | Found a frozen archway.
 12196 | IceCv    | Entered an ice cave
 12583 | IceCv    | Noticed a necromancer
 12589 | IceCv    | Killed a necromancer
 12606 | IceCv    | Got a pitted dagger
 12608 | IceCv    | Identified the +2 dagger of Valour {protect, rF++} (You
                  | found it in an ice cave)
 13431 | IceCv    | Engulfed by a cloud of freezing vapour

Skill      XL: |  1  2  3  4  5  6  7  8  9 10 11 |
---------------+----------------------------------+-----
Maces & Flails | 4 5 6 7 8 10 11 12 | 12.5
Fighting       | 4 5 6 7 8 9 |  9.7
Armour         | 3 4 5 7 8 9 10 | 10.7
Shields        | 1 2 3 5 6 8 9 |  9.9
Dodging        | 3 4 5 6 7 |  7.1
Evocations     | 1 3 4 |  4.7

Action                   |  1- 3 |  4- 6 |  7- 9 | 10-12 || total
-------------------------+-------+-------+-------+-------++-------
Melee: Mace              |    75 |    31 |   283 |       ||   389
       Headbutt          |    11 |    30 |    77 |   119 ||   237
       Flail             |     9 |   182 |       |       ||   191
       Morningstar       |       |       |    65 |   280 ||   345
       Whip              |       |       |       |   175 ||   175
Invok: Berserk           |     1 |     5 |    15 |    11 ||    32
  Use: Scroll            |       |     6 |     5 |     9 ||    20
       Potion            |       |       |       |     2 ||     2
  Eat: Chunk             |     1 |    12 |    27 |    12 ||    52
       Ration            |       |       |       |     7 ||     7
Armor: Scale mail        |    18 |       |       |       ||    18
       Animal skin       |     4 |       |       |       ||     4
       Robe              |     2 |       |       |       ||     2
       Chain mail        |    12 |   122 |    55 |       ||   189
       Plate armour      |       |       |   142 |   217 ||   359
Dodge: Dodged            |    21 |    61 |    79 |   113 ||   274
Block: Shield            |    33 |    92 |   202 |   291 ||   618
       Reflection        |       |       |     3 |    12 ||    15
